| TOP OF THE 1ST |
|
Kannapolis Intimidators batting - Pitching for Cedar Rapids Kernels : RHP Bill Rondeau
|
|
Pitching: RHP Bill Rondeau
|
|
|
Batting: LHB Jamel Alexander
|
0-0: Swinging Strike 0-1: Foul Ball, location: 2F 0-2: Strikes out looking
|
|
Batting: RHB Mark Jones
|
0-0: Swinging Strike 0-1: Fly out, F7 (Flyball, 7LD, EV 102.5 MPH)
|
|
Batting: SHB Ruben Velasco Jr.
|
0-0: Ball 1-0: Called Strike 1-1: Foul Ball, location: 2F 1-2: Foul Ball, location: 2F 1-2: Ball 2-2: Fly out, F4 (Line Drive, 4, EV 70.0 MPH)
|
| Top of the 1st over - 0 runs, 0 hits, 0 errors, 0 left on base; Kannapolis 0 - Cedar Rapids 0 |
| BOTTOM OF THE 1ST |
|
Cedar Rapids Kernels batting - Pitching for Kannapolis Intimidators : LHP Phil Peterson
|
|
Pitching: LHP Phil Peterson
|
|
|
Batting: RHB Mike Craver
|
0-0: Ball 1-0: Ball 2-0: Called Strike 2-1: Swinging Strike 2-2: Ball 3-2: Strikes out swinging
|
|
Batting: RHB Sean Gould
|
0-0: Called Strike 0-1: Ball 1-1: Ball 2-1: DOUBLE (Flyball, 8LXD, EV 100.0 MPH)
|
|
Batting: RHB Michael McDonald
|
0-0: Foul Ball, location: 2F 0-1: Ball 1-1: Ball 2-1: Called Strike 2-2: Strikes out swinging
|
|
Batting: SHB Dan Morataya
|
0-0: Ball 1-0: Foul Ball, location: 2F 1-1: Ball 2-1: Foul Ball, location: 2F 2-2: Strikes out swinging
|
| Bottom of the 1st over - 0 runs, 1 hit, 0 errors, 1 left on base; Kannapolis 0 - Cedar Rapids 0 |
| TOP OF THE 2ND |
|
Kannapolis Intimidators batting - Pitching for Cedar Rapids Kernels : RHP Bill Rondeau
|
|
Batting: RHB Vic Lucatero
|
0-0: Ball 1-0: Ground out 4-3 (Groundball, 4, EV 90.0 MPH)
|
|
Batting: SHB Matt Childers
|
0-0: Ball 1-0: Called Strike 1-1: Ball 2-1: Ground out 5-3 (Groundball, 56, EV 104.4 MPH)
|
|
Batting: LHB Kevin Rolison
|
0-0: Ball 1-0: Called Strike 1-1: SINGLE (Line Drive, 78S, EV 106.9 MPH)
|
|
Batting: SHB Ivan Barry
|
0-0: Called Strike 0-1: Called Strike 0-2: Ball 1-2: Strikes out swinging
|
| Top of the 2nd over - 0 runs, 1 hit, 0 errors, 1 left on base; Kannapolis 0 - Cedar Rapids 0 |
| BOTTOM OF THE 2ND |
|
Cedar Rapids Kernels batting - Pitching for Kannapolis Intimidators : LHP Phil Peterson
|
|
Batting: RHB Ryan Gautney
|
0-0: Ball 1-0: Ball 2-0: Ball 3-0: Fly out, F9 (Flyball, 9LM, EV 94.4 MPH)
|
|
Batting: LHB David Campbell
|
0-0: Called Strike 0-1: Swinging Strike 0-2: Ball 1-2: Ground out 1-3 (Groundball, 13S, EV 61.9 MPH)
|
|
Batting: RHB David Nardone
|
0-0: Ball 1-0: Ground out 6-3 (Groundball, 56, EV 104.4 MPH)
|
| Bottom of the 2nd over - 0 runs, 0 hits, 0 errors, 0 left on base; Kannapolis 0 - Cedar Rapids 0 |
| TOP OF THE 3RD |
|
Kannapolis Intimidators batting - Pitching for Cedar Rapids Kernels : RHP Bill Rondeau
|
|
Batting: RHB Peter Wheeler
|
0-0: DOUBLE (Line Drive, 8RD, EV 109.4 MPH)
|
|
Batting: RHB Egidius Kruger
|
0-0: Called Strike 0-1: Called Strike 0-2: Strikes out looking
|
|
Batting: LHB Jamel Alexander
|
0-0: Ball 1-0: Ball 2-0: Called Strike 2-1: Ground out 6-3 (Groundball, 6, EV 102.5 MPH)
|
|
Batting: RHB Mark Jones
|
0-0: Called Strike 0-1: Ball 1-1: Ground out 4-3 (Groundball, 34, EV 97.5 MPH)
|
| Top of the 3rd over - 0 runs, 1 hit, 0 errors, 1 left on base; Kannapolis 0 - Cedar Rapids 0 |
| BOTTOM OF THE 3RD |
|
Cedar Rapids Kernels batting - Pitching for Kannapolis Intimidators : LHP Phil Peterson
|
|
Batting: RHB Tony Crespo
|
0-0: DOUBLE (Flyball, 78D, EV 103.1 MPH)
|
|
Batting: RHB Nick Phipps
|
0-0: Foul Ball, location: 2F 0-1: Ball 1-1: Called Strike 1-2: Fly out, F9 (Flyball, 9LSF, EV 95.6 MPH)
|
|
Batting: RHB Mike Craver
|
0-0: Called Strike 0-1: Ball Wild Pitch! Tony Crespo to third 1-1: Ball 2-1: Foul Ball, location: 2F 2-2: Fly out, F8 (Flyball, 8LD, EV 101.9 MPH) Runner from 3rd tags up, SCORES, no throw by CF
|
|
Batting: RHB Sean Gould
|
0-0: Ball 1-0: Called Strike 1-1: Foul Ball, location: 2F 1-2: Ball 2-2: Foul Ball, location: 2F 2-2: Ball 3-2: Base on Balls
|
|
Batting: RHB Michael McDonald
|
0-0: SINGLE (Groundball, 56D, EV 95.0 MPH) Sean Gould to second
|
|
Batting: SHB Dan Morataya
|
0-0: Ball 1-0: Swinging Strike 1-1: Foul Ball, location: 2F 1-2: Ball 2-2: Ball 3-2: Fly out, F7 (Flyball, 7D, EV 101.2 MPH)
|
| Bottom of the 3rd over - 1 run, 2 hits, 0 errors, 2 left on base; Kannapolis 0 - Cedar Rapids 1 |
| TOP OF THE 4TH |
|
Kannapolis Intimidators batting - Pitching for Cedar Rapids Kernels : RHP Bill Rondeau
|
|
Batting: SHB Ruben Velasco Jr.
|
0-0: Swinging Strike 0-1: Foul Ball, location: 2F 0-2: Strikes out swinging
|
|
Batting: RHB Vic Lucatero
|
0-0: Ball 1-0: Called Strike 1-1: Foul Ball, location: 2F 1-2: Strikes out swinging
|
|
Batting: SHB Matt Childers
|
0-0: Called Strike 0-1: Foul Ball, location: 2F 0-2: Foul Ball, location: 2F 0-2: Foul Ball, location: 2F 0-2: DOUBLE (Line Drive, 5D, EV 95.6 MPH)
|
|
Batting: LHB Kevin Rolison
|
0-0: Called Strike 0-1: Ball 1-1: Foul Ball, location: 2F 1-2: Ground out 4-3 (Groundball, 4, EV 83.8 MPH)
|
| Top of the 4th over - 0 runs, 1 hit, 0 errors, 1 left on base; Kannapolis 0 - Cedar Rapids 1 |
| BOTTOM OF THE 4TH |
|
Cedar Rapids Kernels batting - Pitching for Kannapolis Intimidators : LHP Phil Peterson
|
|
Batting: RHB Ryan Gautney
|
0-0: Foul Ball, location: 2F 0-1: Fly out, F7 (Line Drive, 78M, EV 93.8 MPH)
|
|
Batting: LHB David Campbell
|
0-0: Ball 1-0: Called Strike 1-1: Ball 2-1: Called Strike 2-2: Ground out 1-3 (Groundball, 13S, EV 68.8 MPH)
|
|
Batting: RHB David Nardone
|
0-0: Called Strike 0-1: Ball 1-1: Ball 2-1: Ball 3-1: Foul Ball, location: 2F 3-2: Strikes out swinging
|
| Bottom of the 4th over - 0 runs, 0 hits, 0 errors, 0 left on base; Kannapolis 0 - Cedar Rapids 1 |
| TOP OF THE 5TH |
|
Kannapolis Intimidators batting - Pitching for Cedar Rapids Kernels : RHP Bill Rondeau
|
|
Batting: SHB Ivan Barry
|
0-0: Called Strike 0-1: Ball 1-1: Called Strike 1-2: SINGLE (Groundball, 6S, EV 71.2 MPH) (infield hit)
|
|
Batting: RHB Peter Wheeler
|
0-0: Ball 1-0: Grounds into double play, 6-4-3 (Groundball, 6, EV 81.2 MPH)
|
|
Batting: RHB Egidius Kruger
|
0-0: Foul Ball, location: 2F 0-1: Ball 1-1: Ground out 5-3 (Groundball, 56, EV 88.1 MPH)
|
| Top of the 5th over - 0 runs, 1 hit, 0 errors, 0 left on base; Kannapolis 0 - Cedar Rapids 1 |
| BOTTOM OF THE 5TH |
|
Cedar Rapids Kernels batting - Pitching for Kannapolis Intimidators : LHP Phil Peterson
|
|
Batting: RHB Tony Crespo
|
0-0: Foul Ball, location: 2F 0-1: Called Strike 0-2: Ball 1-2: Strikes out looking
|
|
Batting: RHB Nick Phipps
|
0-0: Ball 1-0: Ball 2-0: Swinging Strike 2-1: Ball 3-1: Foul Ball, location: 2F 3-2: Foul Ball, location: 2F 3-2: Base on Balls
|
|
Batting: RHB Mike Craver
|
0-0: Ball 1-0: Foul Ball, location: 2F 1-1: Fly out, F8 (Flyball, 89D, EV 98.1 MPH)
|
|
Pitching: RHP Ricardo Bautista
|
|
|
Batting: RHB Sean Gould
|
Pickoff Throw to First - Error! E1 Nick Phipps to second 0-0: Called Strike 0-1: Reached on error, E1 (Groundball, 13S, EV 64.4 MPH) Nick Phipps to third
|
|
Batting: RHB Michael McDonald
|
0-0: Ball 1-0: Called Strike 1-1: Foul Ball, location: 2F 1-2: Ball 2-2: Ball 3-2: Foul Ball, location: 2F 3-2: 3-RUN HOME RUN (Flyball, 78XD, EV 98.8 MPH), Distance : 402 ft
|
|
Batting: SHB Dan Morataya
|
0-0: Ball 1-0: Foul Ball, location: 2F 1-1: Foul Ball, location: 2F 1-2: SOLO HOME RUN (Flyball, 8LXD, EV 113.1 MPH), Distance : 420 ft
|
|
Pitching: LHP Datu Callanta
|
|
|
Batting: RHB Ryan Gautney
|
0-0: Ball 1-0: Ball 2-0: Ball 3-0: Called Strike 3-1: Base on Balls
|
|
Batting: LHB David Campbell
|
0-0: Ball 1-0: Ball 2-0: Called Strike 2-1: Ground out 4-3 (Groundball, 4, EV 79.4 MPH)
|
| Bottom of the 5th over - 4 runs, 2 hits, 2 errors, 1 left on base; Kannapolis 0 - Cedar Rapids 5 |
| TOP OF THE 6TH |
|
Kannapolis Intimidators batting - Pitching for Cedar Rapids Kernels : RHP Bill Rondeau
|
|
Batting: LHB Jamel Alexander
|
0-0: Foul Ball, location: 2F 0-1: Called Strike 0-2: Foul Ball, location: 2F 0-2: Ball 1-2: Strikes out swinging
|
|
Batting: RHB Mark Jones
|
0-0: Ball 1-0: Ground out U3 (Groundball, 34, EV 85.0 MPH)
|
|
Batting: SHB Ruben Velasco Jr.
|
0-0: Called Strike 0-1: Ball 1-1: Ball 2-1: Swinging Strike 2-2: Ball 3-2: Base on Balls
|
|
Batting: RHB Vic Lucatero
|
0-0: Called Strike 0-1: Ground out 4-3 (Groundball, 4, EV 103.8 MPH)
|
| Top of the 6th over - 0 runs, 0 hits, 0 errors, 1 left on base; Kannapolis 0 - Cedar Rapids 5 |
| BOTTOM OF THE 6TH |
|
Cedar Rapids Kernels batting - Pitching for Kannapolis Intimidators : LHP Datu Callanta
|
|
Batting: RHB David Nardone
|
0-0: Foul Ball, location: 2F 0-1: Ball 1-1: Foul Ball, location: 2F 1-2: Ball 2-2: Strikes out looking
|
|
Batting: RHB Tony Crespo
|
0-0: SINGLE (Line Drive, 6M, EV 103.8 MPH)
|
|
Batting: RHB Nick Phipps
|
0-0: Called Strike Tony Crespo steals 2nd base 0-1: Swinging Strike 0-2: Ball 1-2: Foul Ball, location: 2F 1-2: Foul Ball, location: 2F 1-2: Foul Ball, location: 2F 1-2: Ball 2-2: Strikes out swinging
|
|
Batting: RHB Mike Craver
|
0-0: Called Strike 0-1: Foul Ball, location: 2F 0-2: Strikes out looking
|
| Bottom of the 6th over - 0 runs, 1 hit, 0 errors, 1 left on base; Kannapolis 0 - Cedar Rapids 5 |
| TOP OF THE 7TH |
|
Kannapolis Intimidators batting - Pitching for Cedar Rapids Kernels : RHP Bill Rondeau
|
|
Batting: SHB Matt Childers
|
0-0: Ball 1-0: Fly out, F7 (Line Drive, 8LM, EV 87.5 MPH)
|
|
Batting: LHB Kevin Rolison
|
0-0: Fly out, F9 (Flyball, 89S, EV 91.2 MPH)
|
|
Batting: SHB Ivan Barry
|
0-0: Foul Ball, location: 2F 0-1: Swinging Strike 0-2: SINGLE (Groundball, 3D, EV 97.5 MPH)
|
|
Batting: RHB Peter Wheeler
|
0-0: Ball 1-0: SINGLE (Line Drive, 7LS, EV 98.8 MPH) Ivan Barry to second
|
|
Batting: RHB Egidius Kruger
|
0-0: Called Strike 0-1: Ball 1-1: SINGLE (Groundball, 5S, EV 66.2 MPH) (infield hit) Ivan Barry to third Peter Wheeler to second
|
|
Batting: LHB Jamel Alexander
|
0-0: Ball 1-0: Swinging Strike 1-1: GRAND SLAM HOME RUN (Flyball, 9LD, EV 95.0 MPH), Distance : 345 ft
|
|
Batting: RHB Mark Jones
|
0-0: Foul Ball, location: 2F 0-1: Ball 1-1: Ground out 6-3 (Groundball, 6, EV 98.8 MPH)
|
| Top of the 7th over - 4 runs, 4 hits, 0 errors, 0 left on base; Kannapolis 4 - Cedar Rapids 5 |
| BOTTOM OF THE 7TH |
|
Cedar Rapids Kernels batting - Pitching for Kannapolis Intimidators : LHP Datu Callanta
|
|
Pitching: RHP Toby Riley
|
|
|
Batting: RHB Sean Gould
|
0-0: Ball 1-0: Ball 2-0: Called Strike 2-1: Ball 3-1: Called Strike 3-2: SOLO HOME RUN (Flyball, 7LD, EV 94.4 MPH), Distance : 353 ft
|
|
Batting: RHB Michael McDonald
|
0-0: Foul Ball, location: 2F 0-1: Ball 1-1: SINGLE (Line Drive, 3D, EV 103.1 MPH)
|
|
Batting: SHB Dan Morataya
|
0-0: Called Strike 0-1: Ball 1-1: Swinging Strike 1-2: Ball 2-2: Strikes out swinging
|
|
Batting: RHB Ryan Gautney
|
0-0: Called Strike 0-1: 2-RUN HOME RUN (Flyball, 78XD, EV 99.4 MPH), Distance : 415 ft
|
|
Pitching: LHP Matt Donnelly
|
|
|
Batting: LHB David Campbell
|
0-0: Called Strike 0-1: Ball 1-1: Called Strike 1-2: Strikes out looking
|
|
Batting: RHB David Nardone
|
0-0: Ball 1-0: Foul Ball, location: 2F 1-1: Ball 2-1: SOLO HOME RUN (Flyball, 78XD, EV 103.8 MPH), Distance : 402 ft
|
|
Batting: RHB Tony Crespo
|
0-0: Ball 1-0: Ball 2-0: Foul Ball, location: 2F 2-1: Ball 3-1: Ground out 6-3 (Groundball, 6, EV 90.6 MPH)
|
| Bottom of the 7th over - 4 runs, 4 hits, 0 errors, 0 left on base; Kannapolis 4 - Cedar Rapids 9 |
| TOP OF THE 8TH |
|
Kannapolis Intimidators batting - Pitching for Cedar Rapids Kernels : RHP Bill Rondeau
|
|
Batting: SHB Ruben Velasco Jr.
|
0-0: Ground out U3 (Groundball, 3, EV 105.6 MPH)
|
|
Batting: RHB Vic Lucatero
|
0-0: Called Strike 0-1: SINGLE (Groundball, 56S, EV 70.0 MPH) (infield hit)
|
|
Pitching: LHP David Gordon
|
|
|
Batting: SHB Matt Childers
|
0-0: Foul Ball, location: 2F 0-1: Foul Ball, location: 2F 0-2: Foul Ball, location: 2F 0-2: Ball 1-2: Foul Ball, location: 2F 1-2: Ball 2-2: Grounds into double play, 6-4-3 (Groundball, 6, EV 93.1 MPH)
|
| Top of the 8th over - 0 runs, 1 hit, 0 errors, 0 left on base; Kannapolis 4 - Cedar Rapids 9 |
| BOTTOM OF THE 8TH |
|
Cedar Rapids Kernels batting - Pitching for Kannapolis Intimidators : LHP Matt Donnelly
|
|
Batting: RHB Nick Phipps
|
0-0: Hit by Pitch
|
|
Batting: RHB Mike Craver
|
0-0: Called Strike 0-1: Ball 1-1: SINGLE (Line Drive, 8LS, EV 108.8 MPH) Nick Phipps to second
|
|
Batting: RHB Sean Gould
|
0-0: Ball 1-0: Ball 2-0: Fielders Choice at 2nd, 6-4 (Groundball, 6M, EV 105.6 MPH) Nick Phipps to third
|
|
Batting: RHB Michael McDonald
|
0-0: SINGLE (Groundball, 56D, EV 100.6 MPH) Nick Phipps scores Sean Gould to second
|
|
Batting: SHB Dan Morataya
|
0-0: Swinging Strike 0-1: Foul Ball, location: 2F 0-2: Foul Ball, location: 2F 0-2: Ball 1-2: Ball 2-2: Strikes out swinging
|
|
Batting: RHB Ryan Gautney
|
0-0: Called Strike 0-1: Foul Ball, location: 2F 0-2: Ball 1-2: Ball 2-2: Strikes out swinging
|
| Bottom of the 8th over - 1 run, 2 hits, 0 errors, 2 left on base; Kannapolis 4 - Cedar Rapids 10 |
| TOP OF THE 9TH |
|
Kannapolis Intimidators batting - Pitching for Cedar Rapids Kernels : LHP David Gordon
|
|
Batting: LHB Kevin Rolison
|
0-0: SINGLE (Line Drive, 7S, EV 98.1 MPH)
|
|
Batting: SHB Ivan Barry
|
0-0: Foul Ball, location: 2F 0-1: Grounds into double play, 3-6-3 (Groundball, 34, EV 84.4 MPH)
|
|
Batting: RHB Peter Wheeler
|
0-0: Ground out 6-3 (Groundball, 6, EV 75.6 MPH)
|
| Top of the 9th over - 0 runs, 1 hit, 0 errors, 0 left on base; Kannapolis 4 - Cedar Rapids 10 |
|